 Dungeon Crawl Stone Soup version 0.31.0-1-g2c135a0 (webtiles) character file.

Game seed: 16954644486182520892

655 brinewave the Magician (level 7, -11/51 HPs)
             Began as a Mummy Alchemist on Jan 26, 2024.
             Was a Believer of Dithmenos.
             Killed from afar by Maggie (19 damage)
             ... with a bolt of fire
             ... on level 6 of the Dungeon.
             The game lasted 00:14:13 (4585 turns).

brinewave the Magician (Mummy Alchemist)            Turns: 4585, Time: 00:14:14

Health: -11/51     AC:  6    Str: 11    XL:     7   Next: 29%
Magic:  8/13       EV: 12    Int: 17    God:    Dithmenos [**....]
Gold:   358        SH:  0    Dex: 12    Spells: 10/14 levels left

rFire   x . .        r - +7 Throatcutter {drain, coup de grace}
rCold   + . .        (no shield)
rNeg    + + +        k - +2 robe {Will+}
rPois   ∞            (no helmet)
rElec   .            i - +0 cloak
rCorr   .            t - +0 pair of gloves
SInv    .            (no boots)
Will    +....        (no amulet)
Stlth   ++           (no ring)
HPRegen 0.28/turn    (no ring)
MPRegen 0.13/turn

%: faith
@: mesmerised, wreathed by umbra
A: cold resistance 1, negative energy resistance 3, torment resistance 2, heat
vulnerability 1, in touch with death 1, no potions, faith
a: Renounce Religion, Shadow Step


You were on level 6 of the Dungeon.
You worshipped Dithmenos.
Dithmenos was pleased with you.
You visited 1 branch of the dungeon, and saw 6 of its levels.
You also visited: Ossuary.

You collected 358 gold pieces.

Inventory:

Hand Weapons
 b - a +0 whip
 d - a +0 dagger
 n - a +1 scythe of venom
 p - a +0 war axe
 r - the +7 Throatcutter (weapon) {drain, coup de grace}
   (You found it on level 6 of the Dungeon)
Missiles
 e - 3 boomerangs
 h - 5 poisoned darts
Armour
 i - a +0 cloak (worn)
 k - a +2 robe of willpower (worn)
 t - a +0 pair of gloves (worn)
Scrolls
 a - a scroll of fog {unknown}
 c - 2 scrolls of noise
 f - 2 scrolls of amnesia {unknown}
 g - a scroll of torment {unknown}
 j - 3 scrolls of poison {unknown}
 l - a scroll of vulnerability {unknown}
 m - a scroll of summoning {unknown}
 o - a scroll of identify {unknown}
 q - a scroll of enchant weapon {unknown}
 s - a scroll of revelation {unknown}


   Skills:
 + Level 2.6 Fighting
 + Level 2.7 Dodging
 - Level 1.5 Stealth
 + Level 4.1 Spellcasting
 * Level 3.1 Conjurations
 * Level 2.2 Air Magic
 * Level 4.0 Alchemy


You had 10 spell levels left.
You knew the following spells:

 Your Spells              Type           Power      Damage    Failure   Level
a - Sting                 Conj/Alch      60%        1d6       3%          1
b - Mephitic Cloud        Conj/Alch/Air  14%        N/A       13%         3

Your spell library contained the following spells:

 Spells                   Type           Power      Damage    Failure   Level
 Mercury Vapours          Alch/Air       28%        N/A       6%          2
 Kiss of Death            Conj/Necr      52%        2d9       9%          1
 Call Imp                 Summ           6%         N/A       24%         2
 Olgreb's Toxic Radiance  Alch           17%        N/A       28%         4
 Confusing Touch          Hex            3%         N/A       43%         3
 Inner Flame              Hex/Fire       3%         N/A       43%         3
 Tukima's Dance           Hex            3%         N/A       43%         3
 Sticky Flame             Fire/Alch      10%        2d5       56%         4
 Iskenderun's Mystic Bla  Conj/Tloc      8%         2d4       63%         4
 Irradiate                Conj/Alch      7%         3d14      69%         5
 Dimensional Bullseye     Hex/Tloc       1%         N/A       83%         4
 Dispel Undead            Necr           5%         3d7       83%         4
 Summon Hydra             Summ           1%         N/A       100%        7
 Ignition                 Fire           1%         3d3       100%        8
 Sublimation of Blood     Necr           Unusable   N/A       N/A         2

Dungeon Overview and Level Annotations

Branches:
Dungeon (6/15)             Temple (0/1) D:6         Ossuary (visited)

Altars:
Dithmenos
Hepliaklqana
Okawaru

Shops:
D:5 !

Annotations:
D:2 1 runed translucent door, Crazy Yiuf
D:6 Maggie


Innate Abilities, Weirdness & Mutations

You are immune to poison.
Your flesh is cold resistant. (rC+)
You are immune to negative energy. (rN+++)
You are immune to unholy pain and torment.
You are vulnerable to heat. (rF-)
You are in touch with the powers of death.
You do not drink.
You have a special connection with the divine. (Faith)


Message History

Maggie looks even sicker.
Maggie is lightly wounded.
You cannot move away from Maggie!
Aiming: Sting (safe; 3% risk of failure)
Press: ? - help, Q - select action, (/) - cycle Shift-Dir - straight line, f/p - Maggie
Aim: Maggie, wielding a +2 halberd of flaming and wearing +0 swamp dragon scales (lightly wounded, mesmerising, very poisoned, umbra, 77% to hit)
The sting hits Maggie but does no damage.
Maggie looks even sicker.
Maggie is lightly wounded.
Maggie hits you from afar with a +2 halberd of flaming!
* * * LOW HITPOINT WARNING * * *
Maggie burns you.
* * * LOW HITPOINT WARNING * * *
Aiming: Sting (safe; 3% risk of failure)
Press: ? - help, Q - select action, (/) - cycle Shift-Dir - straight line, f/p - Maggie
Aim: Maggie, wielding a +2 halberd of flaming and wearing +0 swamp dragon scales (lightly wounded, mesmerising, very poisoned, umbra, 77% to hit)
The sting hits Maggie.
Maggie partially resists.
Maggie looks as sick as possible!
Maggie is lightly wounded.
Maggie mumbles the words to a spell, but in the wrong order.
Maggie gestures at you while chanting. The bolt of fire misses you.
Aiming: Sting (safe; 3% risk of failure)
Press: ? - help, Q - select action, (/) - cycle Shift-Dir - straight line, f/p - Maggie
Aim: Maggie, wielding a +2 halberd of flaming and wearing +0 swamp dragon scales (lightly wounded, mesmerising, extremely poisoned, umbra, 77% to hit)
The sting hits Maggie but does no damage.
Maggie looks as sick as possible!
Maggie is lightly wounded.
Maggie barely misses you. Maggie closely misses you.
You closely miss Maggie.
Maggie is lightly wounded.
Maggie closely misses you.
You closely miss Maggie.
Maggie is lightly wounded.
Maggie casts a spell.
Maggie draws you further into her thrall.
Maggie points at you and mumbles some strange words.
The bolt of fire hits you!! The fire burns you terribly!
You die...

#####......##....##.......#
###.....#.##..##.#......#
#......#.#.#..#.#.#.....#
#......##.#....#.##.....#
#.....#.##......##.#....#
#<...#.#..........#.#...#
#.........##............##...#
#.#.#..#.#................#.##
...#..#.......@@...!.....†.#
## ...##..###########.######
.#....#.# #!## ######.#.#
#..## #####...############..#
#.....................#
>.....####.#.#.#.#.#..# ###.#.
#............# #....
#.#.......#..#


You could see Maggie (mesmerising, very poisoned).

Vanquished Creatures
  A hornet (D:4)
  Sigmund (D:3)
  2 hounds
  Jessica (D:2)
  An iguana (D:6)
  2 sleepcaps
  Terence (D:2)
  3 adders
  2 shadow imps (D:5)
  2 ribbon worms
  4 dart slugs
  4 orcs
  9 ball pythons
  3 bats
  9 endoplasms
  8 goblins
  8 hobgoblins
  2 jackals (D:2)
  5 quokkas (D:1)
  5 frilled lizards
  2 kobolds (D:3)
  3 rats
78 creatures vanquished.

Notes
Turn   | Place    | Note
-------+----------+-------------------------------------------
     0 | D:1      | brinewave the Mummy Alchemist began the quest for the Orb.
     0 | D:1      | Reached XP level 1. HP: 13/13 MP: 4/4
    86 | D:1      | Reached skill level 1 in Conjurations
   162 | D:1      | Reached XP level 2. HP: 20/20 MP: 1/5
   700 | D:1      | Reached skill level 1 in Fighting
   838 | D:1      | Reached XP level 3. HP: 24/26 MP: 5/7
  1149 | D:2      | Found a faded altar of an unknown god.
  1166 | D:2      | Prayed at the altar of an unknown god.
  1166 | D:2      | Became a worshipper of Dithmenos the Shadowed
  1166 | D:2      | Reached * piety under Dithmenos
  1469 | D:2      | Noticed Jessica
  1479 | D:2      | Killed Jessica
  1480 | D:2      | Reached XP level 4. HP: 32/32 MP: 5/8
  1632 | D:2      | Noticed Terence
  1640 | D:2      | Killed Terence
  1789 | D:2      | Found a runed translucent door.
  1790 | D:2      | Noticed Crazy Yiuf
  1912 | D:2      | Learned a level 3 spell: Mephitic Cloud
  2354 | D:3      | Reached ** piety under Dithmenos
  2448 | D:3      | Noticed Sigmund
  2566 | D:3      | Reached XP level 5. HP: 38/38 MP: 6/10
  2778 | D:3      | Killed Sigmund
  2779 | D:3      | Reached skill level 1 in Air Magic
  2779 | D:3      | Reached XP level 6. HP: 37/44 MP: 4/11
  3337 | D:4      | Found a hazy altar of Hepliaklqana.
  3440 | D:4      | Noticed a hornet
  3447 | D:4      | Killed a hornet
  3448 | D:4      | Reached XP level 7. HP: 51/51 MP: 4/13
  3623 | D:5      | Entered Level 5 of the Dungeon
  3849 | D:5      | Found an iron altar of Okawaru.
  4082 | D:5      | Found Qupnifaf's Distillery.
  4255 | D:6      | Found the +7 Throatcutter {drain, coup de grace}
  4256 | D:6      | Found a sand-covered staircase.
  4266 | Ossuary  | Entered an ossuary
  4527 | D:6      | Found a staircase to the Ecumenical Temple.
  4528 | D:6      | Noticed Maggie
  4585 | D:6      | Killed from afar by Maggie

Illustrated notes

Levels and vault maps discovered:
D:1:      dpeg_arrival_radiant, layout_basic
D:2:      layout_loops_ring, ebering_ecumenical_altar_mist, minmay_heptomino_d4,
          uniq_terence, uniq_jessica, uniq_crazy_yiuf_cottage
D:3:      layout_rooms, minmay_fractal_squares_diagonal_5, uniq_sigmund
D:4:      layout_rooms, mainiacjoe_overflow_alcove_2
D:5:      layout_loops_ring, okawaru_gym_becter, serial_shops, shop
D:6:      minmay_inner_zag, layout_basic, minmay_temple_entry_glass,
          enter_ossuary_1, minmay_misc_feat_secret_circle, grunt_tough_drop,
          uniq_maggie

Skill      XL: |  1  2  3  4  5  6  7 |
---------------+----------------------+-----
Conjurations   | 1 2 3 |  3.1
Fighting       | 1 2 |  2.6
Spellcasting   | 3 4 |  4.1
Dodging        | 2 |  2.7
Alchemy        | 3 4 |  4.0
Air Magic      | 1 2 |  2.2
Stealth        | |  1.5

Action                     |  1- 3 |  4- 6 |  7- 9 || total
---------------------------+-------+-------+-------++-------
  Melee: Unarmed           |     6 |       |       ||     6
         Whip              |    12 |       |       ||    12
         Dagger            |    42 |    53 |       ||    95
         Punch             |     1 |       |       ||     1
         Hand axe          |       |     6 |       ||     6
         Halberd           |       |    13 |    20 ||    33
         Long sword        |       |       |     5 ||     5
   Cast: Sting             |    44 |    64 |    16 ||   124
         Mephitic Cloud    |       |     3 |       ||     3
   Stab: Sleeping          |     1 |     1 |     2 ||     4
 Armour: Robe              |    27 |    56 |    24 ||   107
  Dodge: Dodged            |    43 |    66 |    23 ||   132
